 Dungeon Crawl Stone Soup version 0.20-a0-641-g673355a (webtiles) character file.

135004 FitzyFitz the Brawler (level 16, -12/170 HPs)
             Began as a Troll Necromancer on Feb 7, 2017.
             Was the Champion of Kikubaaqudgha.
             Killed from afar by a deep elf knight (32 damage)
             ... with a stone arrow
             ... on level 1 of the Elven Halls on Feb 13, 2017.
             The game lasted 02:21:23 (29791 turns).

FitzyFitz the Brawler (Troll Necromancer)          Turns: 29791, Time: 02:21:24

Health: -12/170    AC: 10    Str: 24    XL:     16   Next: 63%
Magic:  7/19       EV: 20    Int: 16    God:    Kikubaaqudgha [******]
Gold:   2517       SH:  0    Dex: 12    Spells: 2/20 levels left

rFire    + + +     SeeInvis .     - Unarmed
rCold    + . .     Gourm    +   i - +1 steam dragon scales
rNeg     + . .     Faith    .   (no shield)
rPois    .         Spirit   .   v - +0 hat
rElec    .         Reflect  .   w - scarf {rC+ rF+}
rCorr    .         Harm     .   (gloves unavailable)
MR       +++++     Clarity  +   (boots unavailable)
Stlth    ++........             Q - amulet of the Four Winds {rN+ MR+++ Clar}
Regen    0.8/turn               f - ring "Giquyreq" {*Contam +Fly rF++ MR+ Str+2}
MPRegen  0.2/turn               s - +6 ring of evasion

@: about to teleport, very slightly contaminated
A: unfitting armour, claws 3, fangs 1, talons 1, agile 1, berserk 1, fast
metabolism 3, gourmand, magic resistance 1, regeneration 1, shaggy fur 1, strong
1, tough skin 2
a: Receive Corpses, Torment, Renounce Religion, Evoke Flight


You were on level 1 of the Elven Halls.
You worshipped Kikubaaqudgha.
Kikubaaqudgha was exalted by your worship.
You were full.

You visited 6 branches of the dungeon, and saw 27 of its levels.

You collected 3223 gold pieces.
You spent 706 gold pieces at shops.

Inventory:

Hand Weapons
 x - the +3 morningstar "Neebuj" {drain, Int+5 SInv, unknown}
   (You took it off a deep elf mage on level 1 of the Elven Halls)

   A truly terrible weapon, it drains the life of those it strikes.
   It affects your intelligence (+5).
   It lets you see invisible.
Missiles
 o - 7 tomahawks of dispersal
 q - 2 throwing nets
 F - 19 large rocks (quivered)
Armour
 i - +1 steam dragon scales (worn)
 v - a +0 hat (worn)
 w - a scarf of resistance (worn)
 S - a +1 cloak
Jewellery
 f - the ring "Giquyreq" (right claw) {*Contam +Fly rF++ MR+ Str+2}
   (You took it off a human on level 14 of the Dungeon)

   [ring of flight]

   It affects your strength (+2).
   It greatly protects you from fire.
   It affects your resistance to hostile enchantments.
   It lets you fly.
   It causes magical contamination when unequipped.
 m - an uncursed amulet of rage
 s - a +6 ring of evasion (left claw)
 Q - the amulet of the Four Winds (around neck) {rN+ MR+++ Clar}
   (You bought it in a shop on level 2 of the Orcish Mines)

   [amulet of nothing]

   It protects you from negative energy.
   It affects your resistance to hostile enchantments.
   It protects you against confusion.
 W - an uncursed ring of ice
Wands
 d - a wand of enslavement (16/24)
 h - a wand of acid (8/15)
 j - a wand of disintegration (5/24)
 n - a wand of scattershot (1/9)
 A - a wand of acid (0/15)
 J - a wand of paralysis (21/24)
 O - a wand of confusion (22/48)
Scrolls
 a - a scroll of recharging
 l - a scroll of fog
 y - a scroll of fear
 B - a scroll of summoning
 K - 5 scrolls of magic mapping
 L - 4 scrolls of teleportation
 Y - 6 scrolls of remove curse
Potions
 b - 2 potions of brilliance
 e - 7 potions of curing
 p - a potion of agility
 r - 3 potions of flight
 t - 2 potions of ambrosia
 u - a potion of berserk rage
 D - a potion of cancellation
 P - a potion of might
 Z - a potion of magic
Comestibles
 c - 20 bread rations
 k - 12 fruits
 z - 2 royal jellies
 G - 10 meat rations


   Skills:
 - Level 13.5 Fighting
 + Level 6.2 Throwing
 + Level 5.4 Armour
 + Level 9.1 Dodging
 - Level 1.0 Stealth
 - Level 16.7 Unarmed Combat
 - Level 2.7 Spellcasting
 - Level 3.0 Charms
 - Level 10.5 Necromancy


You had 2 spell levels left.
You knew the following spells:

 Your Spells              Type           Power        Failure   Level  Hunger
a - Animate Skeleton      Necr           N/A          1%          1    #......
b - Agony                 Necr           #####...     10%         5    ######.
c - Vampiric Draining     Necr           #####.....   1%          3    ###....
d - Regeneration          Chrm/Necr      ###.......   4%          3    ###....
e - Animate Dead          Necr           N/A          2%          4    #####..
f - Corpse Rot            Necr           N/A          1%          2    ##.....


Dungeon Overview and Level Annotations

Branches:
Dungeon (14/15)            Temple (1/1) D:5            Lair (6/6) D:8
 Shoals (0/4) Lair:4        Snake (2/4) Lair:2        Slime (0/5) Lair:6
    Orc (2/2) D:10            Elf (2/3) Orc:2        Vaults (0/5) D:14

Altars:
Ashenzari
Cheibriados
Fedhas
Kikubaaqudgha
Makhleb
Nemelex Xobeh
Okawaru
Qazlal
Ru
Trog
Vehumet
Beogh
Jiyva

Shops:
D:13 [   Orc:2 *([=   Elf:1 }   Snake:1 ***:   Snake:2 (

Annotations:
Lair:5 exclusion: oklob plant


Innate Abilities, Weirdness & Mutations

You are too large for most types of armour.
You have claws for hands.
Your metabolism is lightning-fast.
You like to eat raw meat.
Your natural rate of healing is unusually fast.
You are covered in fur. (AC +1)
You have very tough skin. (AC +2)
You have very sharp teeth.
You have sharp toenails.
You are agile. (Dex +2)
You tend to lose your temper in combat.
You are resistant to hostile enchantments. (MR+)
Your muscles are strong. (Str +2)


Message History

Casting: Regeneration
Confirm with . or Enter, or press ? or * to list all spells.
Aiming: Vampiric Draining
Press: ? - help, Shift-Dir - straight line, f - deep elf knight
Aim: a deep elf knight, wielding a short sword and wearing a leather armour (fast)
The deep elf knight is lightly wounded.
You feel life coursing into your body. The dire flail of protection hits you!
* * * LOW HITPOINT WARNING * * *
The deep elf knight barely misses you. The dire flail of protection hits you!
* * * LOW HITPOINT WARNING * * *
Casting: Vampiric Draining
Confirm with . or Enter, or press ? or * to list all spells.
Okay, then.
Unknown command.
As you read the scroll of teleportation, it crumbles to dust.
You feel strangely unstable.
The deep elf knight gestures at you while chanting.
The stone arrow hits you!
You die...
Kikubaaqudgha rasps: "You have failed me!
Welcome... death!"

Z###.......#####'# #####
Z###.......# #.## #########
...'.....[.#####..#######.......Z
...'......)'(............Z..ZZZ..
.###.......'(.8.[..)8.....Z.#####
.# #.......##..........###..# .#
#...)..###(.........# #..# .#
#.....## #(((.[....'###''#### .#
####''# ##...@[......#......# .#
#..###...)(e.............#
.######..#....8.....8..........#
................(..............##
.#########[#######.............'e
## #.# ##...........### ##'##
##.........## ##...## #'#########
# ##.....## #.# #


You could see a deep elf knight and a dire flail of protection.

Vanquished Creatures
  Rupert (D:12)
  Gastronok (D:11)
  Agnes (Elf:1)
  The ghost of GlasyaLabolas the Fencer, a journeyman MiMo of Dithmenos (Snake:2)
  A nagaraja (Snake:1)
  2 orc warlords (Orc:1)
  Nessos (D:13)
  A deep elf demonologist (Elf:1)
  3 naga warriors
  2 vault guards (D:14)
  6 anacondas
  A centaur warrior (D:13)
  5 hydras
  4 two-headed ogres
  5 death yaks (D:8)
  A tengu warrior (D:14)
  2 shock serpents (Snake:1)
  Urug (D:12)
  A dancing weapon (Elf:1)
  2 orc high priests (Orc:2)
  Nergalle (D:9)
  Sonja (Lair:4)
  8 deep elf knights
  5 unseen horrors
  A wizard (D:14)
  A flayed ghost (D:11)
  A naga ritualist (Snake:1)
  4 deep elf archers
  23 deep elf magi
  2 necromancers (D:14)
  4 mana vipers (Snake:1)
  An orc knight (Orc:2)
  8 orc sorcerers
  5 ugly things
  5 cyclopes
  14 black mambas
  3 salamanders
  11 elephants
  2 gargoyles (D:12)
  3 centaur zombies
  7 naga magi
  23 spiny frogs
  A freezing wraith (D:14)
  A yaktaur (D:14)
  6 komodo dragons
  A rime drake (Lair:2)
  A polar bear (Lair:6)
  5 trolls
  3 tyrant leeches
  3 slime creatures (D:13)
  23 blink frogs
  7 hippogriffs
  2 shadows
  A spriggan (D:7)
  19 humans
  A wyvern (Lair:2)
  A water elemental (Elf:1)
  2 wraiths
  2 fire elementals (Elf:1)
  2 steam dragons
  39 yaks
  3 basilisks
  5 vampire mosquitoes
  3 hungry ghosts
  A soldier ant (D:10)
  6 wargs
  12 nagas
  11 porcupines
  6 water moccasins
  35 orc warriors
  3 black bears
  An eye of draining (D:10)
  4 phantoms
  4 ice beasts
  4 sky beasts
  12 ogres
  6 necrophages
  6 wolves (Lair:5)
  11 centaurs
  12 crocodiles
  3 big kobolds
  2 gnoll sergeants (D:7)
  32 bullfrogs
  2 earth elementals (Elf:1)
  7 scorpions
  9 killer bees
  24 wights
  2 howler monkeys
  10 crimson imps
  A bullfrog zombie (D:10)
  20 orc priests
  10 hounds
  4 jellies
  21 orc wizards
  A bullfrog skeleton (D:9)
  5 centaur skeletons
  Terence (D:3)
  4 iguanas
  Natasha (thrice) (D:2)
  11 worker ants
  A killer bee zombie (D:6)
  A hound zombie (D:6)
  2 hound skeletons
  A worker ant zombie (D:11)
  Robin (D:2)
  12 gnolls
  18 adders
  3 shadow imps
  3 oozes
  An adder zombie (D:6)
  An adder skeleton (D:4)
  3 worms (D:4)
  2 dart slugs (D:3)
  4 leopard geckos
  87 orcs
  15 bats
  8 giant cockroaches
  9 goblins
  14 hobgoblins
  8 jackals
  2 ball pythons
  5 frilled lizards
  A giant cockroach zombie (D:5)
  27 kobolds
  A leopard gecko skeleton (D:9)
  A quokka skeleton (D:5)
  10 rats
  A fungus (Lair:5)
854 creatures vanquished.

Vanquished Creatures (collateral kills)
  Nikola (Snake:2)
  An ettin (D:11)
  A deep elf high priest (Elf:1)
  A naga warrior (Snake:2)
  An anaconda (Snake:1)
  3 hydras (Lair:5)
  2 two-headed ogres
  A deep elf knight (Elf:1)
  A deep elf mage (Elf:1)
  An elephant (Lair:6)
  A salamander (Snake:1)
  3 black mambas
  A merfolk siren (Lair:4)
  A naga mage (Lair:2)
  3 spiny frogs
  3 rime drakes
  A tyrant leech (Lair:6)
  A troll (Orc:2)
  5 blink frogs
  6 yaks
  A human (D:14)
  A vampire mosquito (Lair:6)
  2 nagas
  4 water moccasins
  A porcupine (Lair:4)
  An orc warrior (Orc:2)
  An ice beast (D:9)
  8 bullfrogs
  2 electric eels
  A worker ant (D:8)
  3 orcs
  2 fungi
  2 plants
67 creatures vanquished.

Vanquished Creatures (others)
  A deep elf mage (Elf:1)
  A wizard (D:3)
  A water elemental (Elf:1)
  An orc (D:10)
  36 fungi
  36 plants
76 creatures vanquished.

Grand Total: 997 creatures vanquished

Notes
Turn   | Place    | Note
-------+----------+-------------------------------------------
     0 | D:1      | FitzyFitz the Troll Necromancer began the quest for the Orb.
     0 | D:1      | Reached XP level 1. HP: 16/16 MP: 1/1
   201 | D:1      | Reached skill level 1 in Unarmed Combat
   211 | D:1      | Reached XP level 2. HP: 24/24 MP: 2/2
   797 | D:2      | Noticed Natasha
   807 | D:2      | Reached XP level 3. HP: 31/31 MP: 3/3
   810 | D:2      | Killed Natasha
   810 | D:2      | Reached skill level 2 in Unarmed Combat
  1003 | D:2      | Noticed Natasha
  1012 | D:2      | Killed Natasha
  1012 | D:2      | Reached XP level 4. HP: 39/39 MP: 4/4
  1069 | D:2      | Reached skill level 3 in Unarmed Combat
  1082 | D:2      | Noticed Robin
  1093 | D:2      | Killed Robin
  1168 | D:2      | Noticed Natasha
  1173 | D:2      | Killed Natasha
  1173 | D:2      | Reached XP level 5. HP: 45/45 MP: 5/5
  1536 | D:2      | Learned a level 1 spell: Animate Skeleton
  1540 | D:2      | Learned a level 3 spell: Vampiric Draining
  1570 | D:3      | Found a shattered altar of Ashenzari.
  1663 | D:3      | Noticed Terence
  1674 | D:3      | Killed Terence
  1674 | D:3      | Reached skill level 4 in Unarmed Combat
  2244 | D:3      | Found a bloodstained altar of Trog.
  2246 | D:3      | Noticed a wizard
  2251 | D:3      | Killed a wizard
  2501 | D:4      | Found a radiant altar of Vehumet.
  2572 | D:4      | Reached XP level 6. HP: 53/53 MP: 6/6
  2611 | D:4      | Reached skill level 5 in Necromancy
  3503 | D:5      | Entered Level 5 of the Dungeon
  3519 | D:5      | Identified Mocol's Volume of Creative Evil
  3567 | D:5      | Found an ancient bone altar of Kikubaaqudgha.
  3580 | D:5      | Became a worshipper of Kikubaaqudgha
  3621 | D:5      | Reached skill level 5 in Unarmed Combat
  3626 | D:5      | Reached XP level 7. HP: 59/59 MP: 7/7
  3825 | D:5      | Found a staircase to the Ecumenical Temple.
  3834 | Temple   | Entered the Ecumenical Temple
  4037 | D:5      | Found a sacrificial altar of Ru.
  4306 | D:6      | Gained mutation: You have very sharp teeth. [mutagenic meat]
  4313 | D:6      | Gained mutation: You tend to lose your temper in combat. [mutagenic meat]
  4314 | D:6      | Gained mutation: Your muscles are strong. (Str +2) [mutagenic meat]
  4315 | D:6      | Gained mutation: You are resistant to hostile enchantments. (MR+) [mutagenic meat]
  4316 | D:6      | Gained mutation: You are agile. (Dex +2) [mutagenic meat]
  4352 | D:6      | Reached skill level 6 in Unarmed Combat
  4404 | D:6      | Reached XP level 8. HP: 41/67 MP: 8/8
  4570 | D:6      | Learned a level 3 spell: Regeneration
  4640 | D:6      | Reached skill level 7 in Unarmed Combat
  4702 | D:6      | Reached * piety under Kikubaaqudgha
  4702 | D:6      | Identified Kikubaaqudgha's Incunabulum of Dark Rituals (Kikubaaqudgha gifted it to you on level 6 of the Dungeon)
  4702 | D:6      | Received a gift from Kikubaaqudgha
  4910 | D:7      | Found a sacrificial altar of Ru.
  5076 | D:7      | Reached skill level 1 in Fighting
  5164 | D:7      | Reached skill level 1 in Charms
  5300 | D:7      | Reached skill level 8 in Unarmed Combat
  5314 | D:7      | Reached XP level 9. HP: 30/79 MP: 0/9
  5731 | D:7      | Reached ** piety under Kikubaaqudgha
  6169 | D:8      | Noticed a death yak
  6210 | D:8      | Killed a death yak
  6210 | D:8      | Reached skill level 9 in Unarmed Combat
  6258 | D:8      | Reached XP level 10. HP: 91/94 MP: 10/10
  6374 | D:8      | Reached skill level 5 in Fighting
  6688 | D:8      | Noticed a death yak
  6688 | D:8      | Noticed a death yak
  6688 | D:8      | Noticed a death yak
  6688 | D:8      | Noticed a death yak
  6710 | D:8      | Killed a death yak
  6710 | D:8      | Reached skill level 10 in Unarmed Combat
  6718 | D:8      | Killed a death yak
  6778 | D:8      | Killed a death yak
  6784 | D:8      | Killed a death yak
  6784 | D:8      | Reached skill level 11 in Unarmed Combat
  6817 | D:8      | Found a staircase to the Lair.
  7300 | Lair:1   | Entered Level 1 of the Lair of Beasts
  7479 | Lair:1   | Reached *** piety under Kikubaaqudgha
  7479 | Lair:1   | Identified Kikubaaqudgha's Disquisition on Necromancy (Kikubaaqudgha gifted it to you on level 1 of the Lair of Beasts)
  7479 | Lair:1   | Received a gift from Kikubaaqudgha
  7560 | Lair:1   | Reached XP level 11. HP: 64/109 MP: 13/13
  7952 | Lair:1   | Noticed an eight-headed hydra
  8330 | Lair:2   | Found a staircase to the Snake Pit.
  8909 | Lair:3   | Reached skill level 12 in Unarmed Combat
  8914 | Lair:3   | Reached **** piety under Kikubaaqudgha
  9752 | Lair:4   | Noticed Sonja
  9760 | Lair:4   | Killed Sonja
  9760 | Lair:4   | Reached XP level 12. HP: 122/122 MP: 14/14
  9792 | Lair:4   | Reached skill level 5 in Dodging
  9867 | Lair:4   | Gained mutation: You have sharp toenails. [potion of beneficial mutation]
  9995 | Lair:4   | Found a staircase to the Shoals.
 10509 | Lair:5   | Reached skill level 13 in Unarmed Combat
 10683 | Lair:5   | Reached ***** piety under Kikubaaqudgha
 10771 | Lair:5   | Noticed a seven-headed hydra
 10781 | Lair:5   | Killed an eight-headed hydra
 10962 | Lair:5   | Learned a level 4 spell: Animate Dead
 11986 | D:9      | Found a blossoming altar of Fedhas.
 12150 | D:9      | Found a snail-covered altar of Cheibriados.
 12164 | D:9      | Found a burning altar of Makhleb.
 12291 | D:9      | Found a stormy altar of Qazlal.
 12397 | D:10     | Entered Level 10 of the Dungeon
 12397 | D:10     | Noticed a two-headed ogre
 12406 | D:10     | Noticed Nergalle
 12429 | D:9      | Killed Nergalle
 12645 | D:10     | Upgraded the game from 0.20-a0-556-g892c87b to 0.20-a0-613-g92415a4
 12698 | D:10     | Reached skill level 10 in Fighting
 12794 | D:10     | Killed a two-headed ogre
 12797 | D:10     | Noticed a two-headed ogre
 12799 | D:10     | Found a staircase to the Orcish Mines.
 12804 | D:10     | Killed a two-headed ogre
 12839 | D:10     | Noticed a two-headed ogre
 12847 | D:10     | Killed a two-headed ogre
 12847 | D:10     | Reached XP level 13. HP: 133/133 MP: 11/15
 13274 | D:11     | Found a sparkling altar of Nemelex Xobeh.
 13328 | D:11     | Found a large runed door.
 13346 | D:11     | Found a large runed door.
 13425 | D:11     | Found a sparkling altar of Nemelex Xobeh.
 13425 | D:11     | Noticed an ettin
 13431 | D:11     | Killed an ettin
 13517 | D:11     | Found a radiant altar of Vehumet.
 13589 | D:11     | Noticed Gastronok
 14302 | Lair:6   | Entered Level 6 of the Lair of Beasts
 14713 | Lair:1   | Learned a level 5 spell: Agony
 14871 | Lair:5   | Reached skill level 14 in Unarmed Combat
 15580 | Lair:6   | Found a viscous altar of Jiyva.
 15580 | Lair:6   | Found a staircase to the Slime Pits.
 16361 | Lair:6   | Reached skill level 15 in Unarmed Combat
 16361 | Lair:6   | Reached XP level 14. HP: 43/148 MP: 0/16
 16606 | Lair:6   | Got a fine ivory ring
 16608 | Lair:6   | Identified the cursed ring "Jij Zagi" {rF+ MR+ MP+9 AC-4} (You found it on level 6 of the Lair of Beasts)
 17142 | Lair:6   | Got a brightly glowing turquoise ring
 17156 | Lair:6   | Identified the cursed ring "Xaegeefe" {rF+ AC-3 Dex+3} (You found it on level 6 of the Lair of Beasts)
 17406 | Snake:1  | Entered Level 1 of the Snake Pit
 17586 | Snake:1  | Reached ****** piety under Kikubaaqudgha
 17590 | Snake:1  | Reached skill level 1 in Armour
 17603 | Snake:1  | Received a gift from Kikubaaqudgha
 17877 | Snake:1  | Found Suacrah's General Store.
 17878 | Snake:1  | Found Fankel's Book Shoppe.
 17878 | Snake:1  | Found Coskoar's Assorted Antiques.
 17896 | Snake:1  | Found Lafikij's General Store.
 17908 | Snake:1  | Bought a ring of evasion for 48 gold pieces
 17972 | Snake:1  | Noticed Nikola
 19049 | Snake:2  | Killed Nikola
 19141 | Snake:2  | Noticed GlasyaLabolas's ghost (journeyman MiMo)
 19150 | Snake:1  | Noticed a nagaraja
 19152 | Snake:1  | Upgraded the game from 0.20-a0-613-g92415a4 to 0.20-a0-622-g01f5896
 19467 | D:11     | Killed Gastronok
 20538 | D:12     | Noticed Rupert
 20554 | D:12     | Killed Rupert
 20554 | D:12     | Reached XP level 15. HP: 158/158 MP: 17/17
 20614 | D:12     | Noticed Urug
 21188 | D:12     | Killed Urug
 21341 | Orc:1    | Entered Level 1 of the Orcish Mines
 21458 | Orc:1    | Found an iron altar of Okawaru.
 21601 | Orc:1    | Noticed an orc warlord
 21893 | Orc:1    | Killed an orc warlord
 21893 | Orc:1    | Reached skill level 16 in Unarmed Combat
 22356 | Orc:2    | Entered Level 2 of the Orcish Mines
 22420 | Orc:2    | Found a roughly hewn altar of Beogh.
 22507 | Orc:2    | Found Funosox's Antique Weapon Emporium.
 22513 | Orc:2    | Reached skill level 1 in Throwing
 22803 | Orc:2    | Noticed an orc warlord
 22819 | Orc:1    | Killed an orc warlord
 23031 | Orc:2    | Found Goshruf's Jewellery Shop.
 23113 | Orc:2    | Found Juesoij's General Store.
 23130 | Orc:2    | Found a staircase to the Elven Halls.
 23361 | Orc:2    | Found Guah's Antique Armour Boutique.
 23735 | Orc:2    | Bought the amulet of the Four Winds {rN+ MR+++ Clar} for 658 gold pieces
 23976 | Lair:1   | Learned a level 2 spell: Corpse Rot
 24260 | D:13     | Found Moxzer's Antique Armour Shop.
 24703 | D:13     | Noticed Nessos
 24712 | D:13     | Killed Nessos
 24712 | D:13     | Reached skill level 10 in Necromancy
 25408 | D:14     | Upgraded the game from 0.20-a0-622-g01f5896 to 0.20-a0-629-gc37eb77
 25711 | D:14     | Got a clouded lapis lazuli ring
 25774 | D:14     | Found a gate to the Vaults.
 26121 | D:14     | Identified the ring "Giquyreq" {*Contam +Fly rF++ MR+ Str+2} (You took it off a human on level 14 of the Dungeon)
 26436 | Snake:1  | Killed a nagaraja
 26436 | Snake:1  | Reached XP level 16. HP: 140/170 MP: 15/18
 26456 | Snake:1  | HP: 7/170 [anaconda (5)]
 26660 | Lair:2   | Upgraded the game from 0.20-a0-629-gc37eb77 to 0.20-a0-640-g62ed22f
 26834 | Snake:2  | Killed GlasyaLabolas's ghost
 27002 | Snake:2  | Found Ilebiem's Weapon Shoppe.
 27819 | Snake:1  | Upgraded the game from 0.20-a0-640-g62ed22f to 0.20-a0-641-g673355a
 27984 | Elf:1    | Entered Level 1 of the Elven Halls
 28472 | Elf:1    | Reached skill level 5 in Throwing
 28535 | Elf:1    | Got a scorched morningstar {drain}
 28963 | Elf:1    | Noticed Agnes
 28978 | Elf:1    | Killed Agnes
 29237 | Elf:1    | Reached skill level 5 in Armour
 29291 | Elf:1    | Found Tarad's Quality Used Wands.
 29791 | Elf:1    | Killed from afar by a deep elf knight

Vault maps used:
D:1:      dpeg_arrival_renting, minmay_heptomino_o4
D:2:      first_bread, uniq_natasha, uniq_robin
D:3:      minmay_door_path, cheibrodos_ashenzari_chains, trog_wizard,
          uniq_terence
D:4:      vehumet_altar_wand_db
D:5:      marbit_many_paths, lemuel_temple_firewalk_a, basic_altar, fountainhead
D:7:      kennysheep_housing_project, supply_closet_lemuel, the_bakery,
          hangedman_ru_absence
D:8:      dpeg_lair_monsters, minmay_misc_feat_pillars, st_stairs_3,
          minmay_misc_feat_doors
D:9:      overflow_temple_1_default, makhleb_heckhound_becter,
          grunt_qazlal_sundering, grunt_decor_arrowhead, fedhas_altar_2
D:10:     erik_orc_4, roderic_serpentine_path, uniq_nergalle
D:11:     minmay_goldmine, basic_altar, jmf_multi_god_temple2, uniq_gastronok
D:12:     spider_trap, uniq_urug, uniq_rupert
D:13:     serial_shops, shop, spider_trap, uniq_nessos
D:14:     grunt_vaults_entry_tiered, grunt_decor_cap
Temple:   eino_temple_scatter_basement
Lair:1:   statuecave_lemuel, minmay_stone_trees_small
Lair:2:   dummy_snake_entry, serial_bayou_shore_b
Lair:3:   st_stairs_8, beast_lair_carwin_1
Lair:4:   minmay_shoals_entry_lonely_mermaid, roderic_carrion_pond,
          serial_bayou_shore_a, uniq_sonja
Lair:5:   grunt_megastairs_3
Lair:6:   minmay_lair_end_frog_pond, slime_altar_1
Snake:1:  minmay_shoptagon, uniq_nikola
Snake:2:  st_stairs_4, minmay_shop_star, serial_bayou_shore_b
Orc:1:    okawaru_metal_pillars_3
Orc:2:    grunt_orc_gardens, grunt_orc_garden, grunt_orc_garden,
          grunt_orc_garden, grunt_orc_garden, basic_altar, minmay_orc_keep
Elf:1:    eino_elf_arrival_customs, kennysheep_underground_church, minivault_14,
          st_stairs_1, grunt_ministairs_6, nicolae_for_you_no_charge, uniq_agnes
Elf:2:    serial_shops, shop

Skill      XL: |  1  2  3  4  5  6  7  8  9 10 11 12 13 14 15 16 |
---------------+-------------------------------------------------+-----
Unarmed Combat | 1 2 3 4 5 6 8 9 11 12 13 15 16 | 16.7
Necromancy     | 4 5 6 7 9 10 | 10.5
Fighting       | 2 4 7 8 10 11 12 13 | 13.5
Charms         | 1 3 |  3.0
Spellcasting   | 2 |  2.7
Dodging        | 4 7 9 |  9.1
Armour         | 4 5 |  5.4
Throwing       | 4 6 |  6.2
Stealth        | |  1.0

Action                   |  1- 3 |  4- 6 |  7- 9 | 10-12 | 13-15 | 16-18 || total
-------------------------+-------+-------+-------+-------+-------+-------++-------
Melee: Unarmed           |   109 |   266 |   261 |   549 |  1230 |   269 ||  2684
       Punch             |       |     5 |    10 |    32 |    98 |    20 ||   165
       Bite              |       |       |    24 |    56 |   131 |    26 ||   237
       Kick              |       |       |       |    93 |   392 |    61 ||   546
Throw: Large rock        |       |       |       |       |    15 |    37 ||    52
 Cast: Vampiric Draining |       |       |     3 |     5 |    28 |    21 ||    57
       Regeneration      |       |       |     2 |     9 |    26 |     8 ||    45
       Animate Skeleton  |       |       |       |    78 |   161 |    30 ||   269
       Animate Dead      |       |       |       |       |    14 |     5 ||    19
       Agony             |       |       |       |       |     4 |     1 ||     5
       Corpse Rot        |       |       |       |       |       |     3 ||     3
Invok: Receive Corpses   |       |       |       |     1 |    10 |     6 ||    17
       Receive Necronomi |       |       |       |       |     1 |       ||     1
       Torment           |       |       |       |       |     1 |       ||     1
 Abil: Evoke Berserk Rag |     1 |     1 |     5 |     3 |     4 |     2 ||    16
Evoke: Wand              |       |       |       |     8 |    26 |     1 ||    35
  Use: Potion            |     1 |       |     1 |     1 |    13 |     5 ||    21
       Scroll            |       |       |     9 |    13 |    25 |     5 ||    52
 Stab: Sleeping          |     3 |     3 |     2 |     1 |     1 |       ||    10
       Distracted        |       |       |       |     3 |     2 |     2 ||     7
       Confused          |       |       |       |     2 |       |       ||     2
       Invisible         |       |       |       |       |     1 |       ||     1
  Eat: Chunk             |    15 |    23 |    35 |    68 |   138 |    25 ||   304
       Royal jelly       |       |       |     2 |       |     6 |       ||     8
       Meat ration       |       |       |       |     1 |       |     3 ||     4
Armor: Robe              |    38 |    55 |    46 |    62 |    45 |       ||   246
       Steam dragon scal |       |       |       |       |   220 |    66 ||   286
Dodge: Dodged            |    73 |   180 |   203 |   386 |  1105 |   207 ||  2154
